 Dungeon Crawl Stone Soup version 0.20.0-8-g6b59dc7 (webtiles) character file.

126570 Chiseanne the Thaumaturge (level 16, -5/127 HPs)
             Began as a Demonspawn Wanderer on May 31, 2017.
             Was an Initiate of Gozag.
             Slain by a thorn hunter (14 damage)
             ... on level 3 of the Swamp.
             The game lasted 01:47:52 (27745 turns).

Chiseanne the Thaumaturge (Demonspawn Wanderer)    Turns: 27745, Time: 01:47:52

Health: -5/127     AC: 41    Str: 20    XL:     16   Next: 44%
Magic:  27/31      EV: 19    Int: 21    God:    Gozag
Gold:   2029       SH:  0    Dex: 16    Spells: 13/38 levels left

rFire    + . .     SeeInvis +   a - +4 great sword "Dimide" {protect, rN++}
rCold    . . .     Gourm    .   (shield currently unavailable)
rNeg     + + +     Faith    .   Z - +1 ring mail "Vowk" {rN+ Regen+ Slay+4 SInv}
rPois    +         Spirit   .   j - +2 helmet
rElec    .         Reflect  .   o - +2 cloak
rCorr    .         Harm     .   X - +2 pair of gloves {Str+3}
MR       +....                  V - +0 pair of boots
Stlth    ++........             y - amulet of regeneration
Regen    1.2/turn               k - ring of fire
MPRegen  0.3/turn               t - ring of Monotheism {Wiz rPois Str+3 Int+5}

@: gold aura, protection aura
A: claws 1, iridescent scales 2, cold resistance 1, icemail, freezing cloud
immunity
a: Potion Petition, Call Merchant, Bribe Branch, Renounce Religion


You were on level 3 of the Swamp.
You worshipped Gozag.
Gozag was most pleased with you.
You were not hungry.

You visited 5 branches of the dungeon, and saw 28 of its levels.
You visited 1 bazaar.
You also visited: Labyrinth and Volcano.

You collected 9364 gold pieces.
You spent 4103 gold pieces at shops.
You paid 3232 gold pieces to Gozag.

Inventory:

Hand Weapons
 a - the +4 great sword "Dimide" (weapon) {protect, rN++}
   (You found it in a labyrinth)

   It protects the one who uses it against injury (+AC on strike).
   It greatly protects you from negative energy.
 e - a +2 blowgun
 s - a +5 glaive of flaming
 w - a +4 arbalest of flaming
Missiles
 q - 13 javelins (quivered)
 C - 8 poisoned javelins
 E - 4 throwing nets {!*}
 K - 17 curare-tipped needles
 M - 98 bolts
Armour
 j - a +2 helmet (worn)
 o - a +2 cloak (worn)
 V - a +0 pair of boots (worn)
 X - a +2 pair of gloves of strength (worn)
 Z - the +1 ring mail "Vowk" (worn) {rN+ Regen+ Slay+4 SInv}
   (You found it on level 11 of the Dungeon)

   It affects your accuracy and damage with ranged weapons and melee attacks
   (+4).
   It protects you from negative energy.
   It lets you see invisible.
   It increases your rate of regeneration.
Jewellery
 k - a ring of fire (left hand)
 t - the ring of Monotheism (right hand) {Wiz rPois Str+3 Int+5}
   (You bought it in a shop on level 1 of the Orcish Mines)

   [ring of wizardry]

   It improves your spell success rate.
   It affects your strength (+3).
   It affects your intelligence (+5).
   It protects you from poison.
 y - an amulet of regeneration (around neck)
 Q - an uncursed ring of protection from cold
Wands
 B - a wand of confusion (13/48)
 R - a wand of confusion (21/48)
 S - a wand of disintegration (17/24)
 U - a wand of digging (2/24)
Scrolls
 n - a scroll of fog
 x - 6 scrolls of remove curse
 z - 9 scrolls of teleportation
 D - 2 scrolls of blinking
 J - 7 scrolls of fear
 P - 3 scrolls of recharging
 Y - 3 scrolls of identify
Potions
 c - 2 potions of berserk rage
 f - 4 potions of flight
 g - a potion of invisibility
 h - 2 potions of cancellation
 l - 2 potions of haste
 m - 3 potions of might
 A - a potion of agility
 O - 14 potions of curing
Miscellaneous
 H - a lamp of fire
 W - a fan of gales
Comestibles
 r - 3 bread rations
 G - 6 meat rations


   Skills:
 * Level 11.9 Fighting
   Level 1.7(7.1) Short Blades
 - Level 10.7(10.8) Long Blades
 - Level 10.0 Armour
 * Level 11.7 Dodging
 - Level 2.6 Stealth
 * Level 11.9 Spellcasting
 - Level 6.6 Conjurations
   Level 2.0 Hexes
 - Level 1.0 Summonings
 * Level 11.7 Translocations


You had 13 spell levels left.
You knew the following spells:

 Your Spells              Type           Power        Failure   Level  Hunger
a - Force Lance           Conj/Tloc      ######..     1%          4    None
b - Dispersal             Tloc           ######....   4%          6    #####..
c - Gell's Gravitas       Tloc           ######....   1%          3    None
d - Mephitic Cloud        Conj/Pois/Air  ###.....     4%          3    None
e - Summon Butterflies    Summ           ###.....     2%          1    None
f - Controlled Blink      Tloc           N/A          82%         8    #######


Dungeon Overview and Level Annotations

Branches:
Dungeon (15/15)            Temple (1/1) D:5            Lair (6/6) D:9
  Swamp (4/4) Lair:2       Spider (0/4) Lair:4        Slime (0/5) Lair:5
    Orc (2/2) D:9             Elf (0/3) Orc:2        Vaults (0/5) D:13
 Depths (0/5) D:15

Altars:
Ashenzari
Cheibriados
Dithmenos
Elyvilon
Fedhas
Gozag
Hepliaklqana
Kikubaaqudgha
Makhleb
Nemelex Xobeh
Okawaru
Qazlal
Ru
Sif Muna
Trog
Uskayaw
Vehumet
Xom
Yredelemnul
Zin
The Shining One
Beogh
Jiyva
Lugonu

Shops:
D:8 (   D:11 (   D:14 [   D:15 [   Orc:1 =   Orc:2 }![?

Annotations:
D:8 Chaositek's ghost, novice TrMo
D:10 exclusion: gargoyle


Innate Abilities, Weirdness & Mutations

You have sharp fingernails.
You are mostly covered in iridescent scales. (AC +4)
Your flesh is cold resistant. (rC+)
A meltable icy envelope protects you from harm. (AC +10)
You are immune to freezing clouds.


Message History

The thorn hunter misses you.
You riposte.
You hit the thorn hunter.
The thorn hunter is lightly damaged.
The thorn hunter hits you but does no damage.
You slash the swamp drake!
You kill the swamp drake!
The thorn hunter fires a volley of thorns at you.
The volley of thorns hits you!
* * * LOW HITPOINT WARNING * * *
Casting: Mephitic Cloud
Confirm with . or Enter, or press ? or * to list all spells.
Aiming: Force Lance
Press: ? - help, Shift-Dir - straight line, f - thorn hunter
Aim: a thorn hunter (lightly damaged)
The lance of force hits the thorn hunter.
The thorn hunter is lightly damaged.
The thorn hunter hits you!
* * * LOW HITPOINT WARNING * * *
The thorn hunter hits you!
You die...
Your body crumbles into a pile of gold.

.≈..##.#..≈♣♣.≈♣..≈≈≈
≈......^..≈≈♣♣..≈≈≈≈≈≈
♣≈♣.§.≈≈≈.≈≈....≈≈≈≈≈≈
♣......≈....≈≈≈≈≈≈≈≈≈
♣..≈.♣≈§♣≈≈.≈≈≈≈≈≈≈≈≈≈
≈≈..≈≈≈.§...≈≈≈≈≈≈≈..≈
.≈...≈......<.≈≈≈≈≈≈..
≈♣♣♣.♣.≈≈≈≈.$≈.≈≈≈≈...
♣♣♣♣♣.≈≈.f@♣.≈≈.♣≈≈
♣♣≈♣♣♣.$).≈≈≈♣ ♣♣
♣♣♣≈.≈≈.♣ ♣♣♣♣♣♣


You could see a thorn hunter.

Vanquished Creatures
  Kirke (D:12)
  A stone giant (Orc:2)
  A minotaur (Lab)
  Snorg (D:13)
  A fire dragon (D:14)
  4 vault guards (D:13)
  12 hydras
  A rakshasa (D:14)
  Harold (Lair:2)
  A death knight (D:15)
  4 centaur warriors
  Erica (D:8)
  4 alligators
  4 ogre magi
  3 tengu warriors
  6 two-headed ogres
  Urug (Orc:1)
  A vampire mage (D:15)
  A skeletal warrior (D:15)
  A fire crab (Volcano)
  Nergalle (Orc:2)
  5 swamp dragons
  5 unseen horrors
  A sphinx zombie (D:15)
  3 shambling mangroves
  A lindwurm (Volcano)
  A phantasmal warrior (D:14)
  An oklob plant (Lair:2)
  A necromancer (D:15)
  An orc knight (D:15)
  11 ugly things
  8 orc sorcerers
  7 cyclopes
  2 deep elf magi (D:15)
  12 elephants
  4 manticores
  A stone giant zombie (D:15)
  A black mamba (Lair:6)
  An eye of devastation (Lair:5)
  2 gargoyles
  30 spiny frogs
  5 centaur skeletons
  11 komodo dragons
  3 rime drakes
  2 freezing wraiths (D:14)
  A guardian mummy (D:15)
  10 wind drakes (D:14)
  A jumping spider (Lair:4)
  3 trolls
  10 hornets
  A harpy skeleton (D:15)
  5 tyrant leeches
  A polar bear (Lair:6)
  3 bog bodies
  9 slime creatures
  Prince Ribbit (Lair:1)
  An ettin zombie (D:15)
  12 hippogriffs
  26 blink frogs
  A shadow (D:13)
  5 spriggans (Swamp:2)
  8 air elementals (D:14)
  2 wraiths
  43 yaks
  10 fire bats
  4 wyverns
  2 basilisks
  3 hogs (D:12)
  16 vampire mosquitoes
  3 hungry ghosts
  2 wargs
  15 insubstantial wisps (D:14)
  7 swamp worms
  A soldier ant (D:14)
  An acid dragon (D:14)
  A hell hound (Volcano)
  9 porcupines
  20 water moccasins
  7 swamp drakes
  5 ice beasts
  17 orc warriors
  6 sky beasts
  3 black bears (D:8)
  25 ogres
  4 phantoms
  2 necrophages
  6 centaurs
  An eye of draining (D:13)
  15 wolves
  8 crocodiles
  2 big kobolds
  33 bullfrogs
  A wyvern zombie (D:10)
  A water moccasin zombie (D:5)
  3 wyvern skeletons
  5 scorpions
  5 killer bees (D:11)
  2 electric eels (Lair:6)
  7 wights
  5 howler monkeys
  A tengu skeleton (D:15)
  3 bullfrog zombies
  9 crimson imps
  A quasit (D:9)
  3 jellies
  4 centaur zombies
  18 orc priests
  A gnoll shaman (D:8)
  4 hounds
  4 bullfrog skeletons
  39 orc wizards
  4 iguanas
  Ijyb (D:5)
  16 worker ants
  A hound skeleton (D:8)
  A hound zombie (D:5)
  A howler monkey zombie (D:8)
  2 worker ant zombies
  6 gnolls
  9 adders
  3 shadow imps
  5 oozes
  An adder zombie (D:7)
  An adder skeleton (D:8)
  A worm (D:2)
  7 ball lightnings (D:14)
  2 dart slugs
  7 leopard geckos
  69 orcs
  2 giant cockroaches
  8 goblins
  14 hobgoblins
  7 jackals
  9 quokkas
  2 ball pythons
  4 bats
  4 frilled lizards
  8 kobolds
  A leopard gecko skeleton (D:5)
  A quokka skeleton (D:9)
  9 rats
  8 fungi (Lair:6)
  10 plants
  9 withered plants (D:15)
890 creatures vanquished.

Vanquished Creatures (collateral kills)
  A basilisk (Lair:6)
  4 yaks (Lair:6)
  An orc (D:13)
6 creatures vanquished.

Vanquished Creatures (others)
  A tengu warrior (D:13)
  A cyclops (D:13)
  3 humans (D:12)
  A jelly (D:12)
  An orc wizard (Orc:2)
  An adder (D:12)
  10 ball lightnings (D:14)
  3 orcs
  8 fungi
  13 plants (Lair:6)
42 creatures vanquished.

Grand Total: 938 creatures vanquished

Notes
Turn   | Place    | Note
-------+----------+-------------------------------------------
     0 | D:1      | Chiseanne the Demonspawn Wanderer began the quest for the Orb.
     0 | D:1      | Chiseanne set off with: a +2 short sword, Zaniz's Grimoire of the Arsonist, a +0 robe, a +0 dagger, a bread ration
     0 | D:1      | Reached XP level 1. HP: 16/16 MP: 1/1
     2 | D:1      | Identified Zaniz's Grimoire of the Arsonist
   542 | D:1      | Gained mutation: You are partially covered in iridescent scales. (AC +2) [demonic ancestry]
   542 | D:1      | Reached XP level 2. HP: 20/23 MP: 2/2
   686 | D:1      | Reached skill level 1 in Dodging
  1174 | D:2      | Reached skill level 1 in Armour
  1174 | D:2      | Reached XP level 3. HP: 21/28 MP: 3/3
  1355 | D:2      | Found a glowing golden altar of the Shining One.
  1547 | D:2      | Found a sacrificial altar of Ru.
  1561 | D:2      | Reached XP level 4. HP: 29/35 MP: 4/4
  2481 | D:3      | Gained mutation: Your flesh is cold resistant. (rC+) [demonic ancestry]
  2481 | D:3      | Reached XP level 5. HP: 33/41 MP: 5/5
  3278 | D:3      | Found a shadowy altar of Dithmenos.
  3639 | D:3      | Noticed a water elemental
  3642 | D:3      | Found a stormy altar of Qazlal.
  3643 | D:3      | Noticed an air elemental
  3643 | D:3      | Noticed a fire elemental
  3806 | D:3      | Found a deep blue altar of Sif Muna.
  3930 | D:4      | Gained mutation: You are immune to freezing clouds. [demonic ancestry]
  3930 | D:4      | Reached XP level 6. HP: 48/48 MP: 6/6
  3951 | D:4      | Found a shattered altar of Ashenzari.
  4053 | D:4      | You fall through a shaft for 3 floors!
  4194 | D:5      | Entered Level 5 of the Dungeon
  4470 | D:5      | Reached XP level 7. HP: 35/55 MP: 7/7
  4585 | D:5      | Reached skill level 5 in Fighting
  4643 | D:5      | Found a staircase to the Ecumenical Temple.
  4663 | Temple   | Entered the Ecumenical Temple
  4689 | Temple   | Became a worshipper of Gozag Ym Sagoz the Greedy
  4785 | D:5      | Noticed Ijyb
  4835 | D:5      | Killed Ijyb
  5016 | D:5      | Found a white marble altar of Elyvilon.
  5414 | D:6      | Reached skill level 5 in Dodging
  5414 | D:6      | Gained mutation: You are mostly covered in iridescent scales. (AC +4) [demonic ancestry]
  5414 | D:6      | Reached XP level 8. HP: 40/64 MP: 8/8
  5764 | D:6      | Reached skill level 5 in Armour
  5871 | D:6      | Found a hide-covered altar of Uskayaw.
  6204 | D:6      | Found a hazy altar of Hepliaklqana.
  6560 | D:7      | Gained mutation: You have sharp fingernails. [demonic ancestry]
  6560 | D:7      | Reached XP level 9. HP: 43/72 MP: 9/9
  6692 | D:7      | Found an iron altar of Okawaru.
  6809 | D:7      | Found a glowing silver altar of Zin.
  8017 | D:8      | Found a radiant altar of Vehumet.
  8017 | D:8      | Found an ancient bone altar of Kikubaaqudgha.
  8018 | D:8      | Found a deep blue altar of Sif Muna.
  8024 | D:8      | Identified Sif Muna's Compendium of Protection
  8088 | D:8      | Noticed Chaositek's ghost (novice TrMo)
  8427 | D:8      | Noticed Erica
  8449 | D:8      | Killed Erica
  8504 | D:8      | Noticed a gargoyle
  8520 | D:8      | Reached XP level 10. HP: 82/82 MP: 10/10
  8564 | D:8      | Killed a gargoyle
  9050 | D:8      | Bought a slimy mace for 312 gold pieces
  9051 | D:8      | Identified the +8 mace of Ascent {speed, Str+3} (You bought it in a shop on level 8 of the Dungeon)
  9406 | D:9      | Found a staircase to the Lair.
  9832 | D:9      | Found a white marble altar of Elyvilon.
 10264 | D:9      | Found a snail-covered altar of Cheibriados.
 10417 | D:9      | Found a staircase to the Orcish Mines.
 10561 | D:9      | Found a sparkling altar of Nemelex Xobeh.
 10646 | D:10     | Entered Level 10 of the Dungeon
 10874 | D:10     | Noticed a gargoyle
 10936 | D:10     | Reached skill level 10 in Fighting
 10970 | D:10     | Reached XP level 11. HP: 19/90 MP: 11/11
 11666 | D:10     | Noticed a two-headed ogre
 11676 | D:10     | Killed a two-headed ogre
 11856 | D:11     | Found a labyrinth entrance.
 11866 | Lab      | Entered a labyrinth
 12018 | Lab      | Noticed a minotaur
 12041 | Lab      | Killed a minotaur
 12085 | Lab      | Got a transparent great sword
 12092 | Lab      | Learned a level 4 spell: Force Lance
 12104 | Lab      | Identified the +4 great sword "Dimide" {protect, rN++} (You found it in a labyrinth)
 12206 | D:11     | Reached skill level 1 in Long Blades
 12246 | D:11     | Noticed a two-headed ogre
 12255 | D:11     | Killed a two-headed ogre
 12255 | D:11     | Reached skill level 10 in Dodging
 12355 | D:11     | Noticed an unseen horror
 12366 | D:11     | Killed an unseen horror
 12411 | D:11     | Got a distressingly furry ring mail
 12443 | D:11     | Identified the +1 ring mail "Vowk" {rN+ Regen+ Slay+4 SInv} (You found it on level 11 of the Dungeon)
 12603 | D:11     | Noticed a two-headed ogre
 12612 | D:11     | Killed a two-headed ogre
 12612 | D:11     | Reached skill level 10 in Armour
 12667 | D:11     | Found a white marble altar of Elyvilon.
 12684 | D:11     | Noticed an unseen horror
 12692 | D:11     | Killed an unseen horror
 12938 | D:12     | Reached XP level 12. HP: 99/99 MP: 12/12
 12952 | D:12     | Noticed Kirke
 12972 | D:12     | Killed Kirke
 12972 | D:12     | Reached skill level 5 in Long Blades
 13798 | D:12     | Noticed a seven-headed hydra
 13812 | D:12     | Killed a one-headed hydra
 14033 | D:13     | Found a flickering gateway to a bazaar.
 14043 | Bazaar   | Entered a bazaar
 14043 | Bazaar   | Found Tuovon's Weapon Shoppe.
 14043 | Bazaar   | Found Filahet's Antique Armour Shoppe.
 14043 | Bazaar   | Found Luch's Magic Scroll Emporium.
 14079 | Bazaar   | Found Nosav's Distillery.
 14096 | Bazaar   | Bought a polished scale mail for 315 gold pieces
 14102 | Bazaar   | Bought a scroll of identify for 14 gold pieces
 14102 | Bazaar   | Bought a scroll of identify for 14 gold pieces
 14102 | Bazaar   | Identified the +2 scale mail "Teobao" {*Contam rElec Str+4 Dex+3} (You bought it in a shop in a bazaar)
 14120 | Bazaar   | Bought an encrusted leather armour for 245 gold pieces
 14135 | Bazaar   | Bought 2 potions of might for 64 gold pieces
 14135 | Bazaar   | Bought a potion of degeneration for 8 gold pieces
 14135 | Bazaar   | Bought a potion of brilliance for 32 gold pieces
 14135 | Bazaar   | Bought a potion of mutation for 64 gold pieces
 14135 | Bazaar   | Bought a potion of haste for 80 gold pieces
 14135 | Bazaar   | Bought 2 potions of haste for 160 gold pieces
 14142 | Bazaar   | Bought a scroll of teleportation for 21 gold pieces
 14142 | Bazaar   | Bought a scroll of teleportation for 21 gold pieces
 14142 | Bazaar   | Bought a scroll of fog for 14 gold pieces
 14142 | Bazaar   | Bought a scroll of enchant weapon for 52 gold pieces
 14179 | D:13     | Identified the +1 leather armour of the Journeyman {MR+ Dex+4 Slay+3} (You bought it in a shop in a bazaar)
 14190 | D:13     | Noticed a two-headed ogre
 14198 | D:13     | Killed a two-headed ogre
 14266 | D:13     | Noticed a centaur warrior
 14274 | D:13     | Killed a centaur warrior
 14274 | D:13     | Reached skill level 10 in Long Blades
 14366 | D:13     | Noticed a tengu warrior
 14368 | D:13     | Noticed a tengu warrior
 14382 | D:13     | Killed a tengu warrior
 14397 | D:13     | Killed a tengu warrior
 14482 | D:13     | Noticed Snorg
 14492 | D:13     | Killed Snorg
 14492 | D:13     | Reached XP level 13. HP: 95/104 MP: 13/13
 14697 | D:13     | Reached skill level 1 in Spellcasting
 14866 | D:13     | Reached skill level 1 in Translocations
 15027 | D:13     | Found a gate to the Vaults.
 15695 | D:14     | Reached skill level 5 in Spellcasting
 15707 | D:14     | Noticed a fire dragon
 15719 | D:14     | Killed a fire dragon
 15719 | D:14     | Reached skill level 5 in Translocations
 16906 | D:14     | Reached XP level 14. HP: 95/111 MP: 24/24
 17069 | D:15     | Entered Level 15 of the Dungeon
 17449 | D:14     | Bought a pair of glowing gloves for 240 gold pieces
 17454 | D:14     | Bought a twisted ring mail for 288 gold pieces
 17468 | D:14     | Identified the cursed +0 ring mail of the Orb {MR+ rCorr} (You bought it in a shop on level 14 of the Dungeon)
 18311 | D:15     | Found a staircase to the Depths.
 18411 | D:15     | Learned a level 6 spell: Dispersal
 18415 | D:15     | Learned a level 3 spell: Gell's Gravitas
 18704 | D:15     | Found a burning altar of Makhleb.
 18704 | D:15     | Noticed a cacodemon
 18976 | Orc:1    | Entered Level 1 of the Orcish Mines
 19044 | Orc:1    | Learned a level 3 spell: Mephitic Cloud
 19146 | Orc:1    | Found a roughly hewn altar of Beogh.
 19433 | Orc:1    | Reached skill level 1 in Conjurations
 19540 | Orc:2    | Entered Level 2 of the Orcish Mines
 19540 | Orc:2    | Found a roughly hewn altar of Beogh.
 19694 | Orc:2    | Noticed a stone giant
 19717 | Orc:2    | Killed a stone giant
 19884 | Orc:2    | Found a dark tunnel.
 19909 | Volcano  | Entered a volcano
 20126 | Orc:2    | Found a staircase to the Elven Halls.
 20306 | Orc:1    | Found Vedad's Jewellery Emporium.
 20321 | Orc:1    | Noticed Urug
 20322 | Orc:1    | Paralysed by an orc sorcerer for 5 turns
 20340 | Orc:1    | Killed Urug
 20379 | Orc:1    | Bought a +1 ring of evasion for 54 gold pieces
 20379 | Orc:1    | Bought the ring of Monotheism {Wiz rPois Str+3 Int+5} for 1044 gold pieces
 20471 | Orc:2    | Found Jebrotaw's Gadget Boutique.
 20508 | Orc:2    | Found an ancient bone altar of Kikubaaqudgha.
 20509 | Orc:2    | Noticed Nergalle
 20526 | Orc:2    | Killed Nergalle
 20538 | Orc:2    | Found Captallaska's Antique Armour Boutique.
 20551 | Orc:2    | Gained mutation: A meltable icy envelope protects you from harm. (AC +10) [demonic ancestry]
 20551 | Orc:2    | Reached XP level 15. HP: 84/117 MP: 18/28
 20563 | Orc:2    | Found a roughly hewn altar of Beogh.
 20567 | Orc:2    | Reached skill level 10 in Spellcasting
 20567 | Orc:2    | Reached skill level 10 in Translocations
 20695 | Orc:2    | Found a radiant altar of Vehumet.
 20766 | Orc:2    | Bought a twisted robe for 188 gold pieces
 20777 | Orc:2    | Identified the +1 robe "Kijogokk" {rCorr} (You bought it in a shop on level 2 of the Orcish Mines)
 20806 | Orc:2    | Found Replipenyrph's Magic Scroll Shop.
 20814 | Orc:2    | Bought a scroll of recharging for 104 gold pieces
 20814 | Orc:2    | Bought a scroll of identify for 22 gold pieces
 20814 | Orc:2    | Bought a scroll of identify for 22 gold pieces
 20814 | Orc:2    | Bought a scroll of blinking for 82 gold pieces
 20814 | Orc:2    | Bought a scroll of fear for 38 gold pieces
 20814 | Orc:2    | Bought a scroll of fear for 38 gold pieces
 20814 | Orc:2    | Bought a scroll of enchant armour for 82 gold pieces
 20842 | Orc:2    | Found Todit Rye's Distillery.
 20850 | Orc:2    | Bought a potion of heal wounds for 55 gold pieces
 20850 | Orc:2    | Bought a potion of might for 44 gold pieces
 20850 | Orc:2    | Bought a potion of agility for 44 gold pieces
 20850 | Orc:2    | Bought a potion of berserk rage for 55 gold pieces
 20850 | Orc:2    | Bought a potion of flight for 33 gold pieces
 21014 | Lair:1   | Entered Level 1 of the Lair of Beasts
 21277 | Lair:1   | Noticed Prince Ribbit
 21280 | Lair:1   | Killed Prince Ribbit
 21744 | Lair:2   | Found a staircase to the Swamp.
 22007 | Lair:2   | Noticed Harold
 22024 | Lair:2   | Killed Harold
 22108 | Lair:2   | Reached skill level 5 in Conjurations
 22402 | Lair:2   | Got a bloodstained scimitar
 22405 | Lair:2   | Identified the +7 scimitar of Day {freeze, Dex+3} (You found it on level 2 of the Lair of Beasts)
 23840 | Lair:4   | Found a hole to the Spider Nest.
 24158 | Lair:5   | Found a runed door.
 24159 | Lair:5   | Found a viscous altar of Jiyva.
 24159 | Lair:5   | Found a staircase to the Slime Pits.
 24820 | Lair:6   | Entered Level 6 of the Lair of Beasts
 25512 | Lair:6   | Reached XP level 16. HP: 122/125 MP: 31/31
 25652 | Lair:6   | Learned a level 1 spell: Summon Butterflies
 26465 | D:15     | Learned a level 8 spell: Controlled Blink
 26554 | D:15     | Bought a runed helmet for 127 gold pieces
 26554 | D:15     | Bought a pair of runed gloves for 127 gold pieces
 26791 | Swamp:1  | Entered Level 1 of the Swamp
 26937 | Swamp:2  | Got a scorched flail
 26994 | Swamp:2  | Identified the cursed +1 flail "Fetul" {crush, rF+} (You found it on level 2 of the Swamp)
 27384 | Swamp:4  | Entered Level 4 of the Swamp
 27723 | Swamp:4  | Noticed a thorn hunter
 27745 | Swamp:3  | Slain by a thorn hunter

Skill      XL: |  1  2  3  4  5  6  7  8  9 10 11 12 13 14 15 |
---------------+----------------------------------------------+-----
Dodging        | 1 2 3 4 5 6 7 9 10 11 | 11.7
Armour         | 1 2 3 4 5 7 8 10 | 10.0
Fighting       | 3 4 5 7 8 10 11 | 11.9
Long Blades    | 3 10 | 10.7
Spellcasting   | 6 9 11 | 11.9
Translocations | 6 9 11 | 11.7
Conjurations   | 3 6 |  6.6
Short Blades   | |  1.7
Stealth        | |  2.6
Hexes          | |  2.0
Summonings     | |  1.0

Action                   |  1- 3 |  4- 6 |  7- 9 | 10-12 | 13-15 | 16-18 || total
-------------------------+-------+-------+-------+-------+-------+-------++-------
Melee: Short sword       |   120 |   248 |   459 |    46 |       |       ||   873
       Long sword        |       |       |    93 |   149 |       |       ||   242
       Mace              |       |       |       |   313 |       |       ||   313
       Great sword       |       |       |       |   278 |  1557 |   291 ||  2126
       Scimitar          |       |       |       |    10 |    29 |       ||    39
       Unarmed           |       |       |       |     8 |       |       ||     8
       Glaive            |       |       |       |       |    24 |    20 ||    44
 Fire: Blowgun           |       |       |       |    11 |       |       ||    11
Throw: Tomahawk          |       |       |    22 |     8 |    25 |       ||    55
       Javelin           |       |       |       |       |    12 |     3 ||    15
 Cast: Mephitic Cloud    |       |       |       |       |    14 |     6 ||    20
       Force Lance       |       |       |       |       |       |     1 ||     1
Invok: Call Merchant     |       |       |     1 |     1 |     1 |     1 ||     4
Evoke: Wand              |       |       |       |    12 |    19 |       ||    31
       Sack of spiders   |       |       |       |     2 |       |       ||     2
       Lamp of fire      |       |       |       |       |     2 |       ||     2
  Use: Scroll            |     3 |     6 |    11 |    16 |    17 |     6 ||    59
       Potion            |       |       |     3 |    14 |    12 |     1 ||    30
 Stab: Sleeping          |     2 |     1 |     1 |     2 |     9 |       ||    15
       Paralysed         |       |     1 |       |       |     3 |       ||     4
       Distracted        |       |       |     1 |    10 |    16 |     2 ||    29
       Invisible         |       |       |       |       |     5 |       ||     5
       Confused          |       |       |       |       |     4 |     7 ||    11
  Eat: Chunk             |     2 |     9 |     2 |       |       |       ||    13
       Royal jelly       |       |       |     3 |     1 |     2 |       ||     6
       Bread ration      |       |       |     3 |     5 |     4 |       ||    12
       Fruit             |       |       |       |     2 |     3 |     6 ||    11
       Meat ration       |       |       |       |       |     4 |       ||     4
Armor: Ring mail         |    38 |    88 |   193 |   309 |   881 |   318 ||  1827
       Robe              |     1 |       |       |       |       |       ||     1
Dodge: Dodged            |    71 |   144 |   409 |   775 |  1596 |   433 ||  3428
       Rpst.: Long sword |       |       |    20 |    31 |       |       ||    51
       Great sword       |       |       |       |    94 |   428 |    80 ||   602
       Scimitar          |       |       |       |     1 |     3 |       ||     4
